ORI
COASTAL CAROLINA UNIVERSITY CHANTICLEERS @ UNIVERSITY OF CONNETICUT HUSKIES
11/03/2046
 
TOP OF THE 1ST
Coastal Carolina University Chanticleers batting - Pitching for University of Conneticut Huskies : LHP William Garcia
Pitching: LHP William Garcia
Batting: LHB Justin Sanders 0-0: Called Strike
0-1: Foul Ball, location: 2F
0-2: Strikes out swinging
Batting: RHB Chris Marcellus 0-0: Called Strike
0-1: Ball
1-1: SINGLE (Groundball, 6MD, EV 101.2 MPH)
Batting: RHB Dennis Bennett 0-0: Ball
1-0: Ball
2-0: Called Strike
2-1: Grounds into double play, 3-6-3 (Groundball, 3, EV 104.4 MPH)
Top of the 1st over - 0 runs, 1 hit, 0 errors, 0 left on base; Coastal Carolina University 0 - University of Conneticut 0
BOTTOM OF THE 1ST
University of Conneticut Huskies batting - Pitching for Coastal Carolina University Chanticleers : LHP David Medina
Pitching: LHP David Medina
Batting: RHB Victor Nava 0-0: Called Strike
0-1: Ball
1-1: Called Strike
1-2: Strikes out swinging
Batting: RHB Kyle Finney 0-0: Ball
1-0: Called Strike
1-1: Called Strike
1-2: Strikes out looking
Batting: LHB Hector Acosta 0-0: Foul Ball, location: 2F
0-1: Ball
1-1: Ball
2-1: Called Strike
2-2: Strikes out swinging
Bottom of the 1st over - 0 runs, 0 hits, 0 errors, 0 left on base; Coastal Carolina University 0 - University of Conneticut 0
TOP OF THE 2ND
Coastal Carolina University Chanticleers batting - Pitching for University of Conneticut Huskies : LHP William Garcia
Batting: RHB Ferri Casteleijn 0-0: Called Strike
0-1: Ball
1-1: Called Strike
1-2: Foul Ball, location: 2F
1-2: Foul Ball, location: 2F
1-2: Strikes out swinging, 2-3 out at first.
Batting: RHB Tristan Williams 0-0: SINGLE (Groundball, 56S, EV 97.5 MPH)
Batting: RHB Tatsunori Ishigaki 0-0: Hit by Pitch
Tristan Williams to second
Batting: LHB Orlando Hurtado 0-0: Called Strike
0-1: Swinging Strike
0-2: Ball
1-2: Ball
2-2: Strikes out swinging
Batting: RHB Oscar Hernandez 0-0: Foul Ball, location: 2F
0-1: Foul Ball, location: 2F
0-2: Ball
1-2: Ball
2-2: Ball
3-2: Base on Balls
Tristan Williams to third
Tatsunori Ishigaki to second
Batting: LHB Jason Melek 0-0: Ball
1-0: Ball
2-0: Reached on error, E6 (Groundball, 6, EV 101.2 MPH)
Tristan Williams scores
Tatsunori Ishigaki to third
Oscar Hernandez to second
Batting: LHB Justin Sanders 0-0: Ball
1-0: Foul Ball, location: 2F
1-1: Ball
2-1: Called Strike
2-2: Ball
3-2: Ground out 4-3 (Groundball, 34D, EV 87.5 MPH)
Top of the 2nd over - 1 run, 1 hit, 1 error, 3 left on base; Coastal Carolina University 1 - University of Conneticut 0
BOTTOM OF THE 2ND
University of Conneticut Huskies batting - Pitching for Coastal Carolina University Chanticleers : LHP David Medina
Batting: RHB Jordan Nicholas 0-0: Ground out 6-3 (Groundball, 6S, EV 63.8 MPH)
Batting: LHB Andrew Barzee 0-0: Ball
1-0: Ball
2-0: Foul Ball, location: 2F
2-1: Swinging Strike
2-2: Strikes out looking
Batting: RHB Jack Vokey 0-0: Called Strike
0-1: Fly out, F7 (Flyball, 78S, EV 93.8 MPH)
Bottom of the 2nd over - 0 runs, 0 hits, 0 errors, 0 left on base; Coastal Carolina University 1 - University of Conneticut 0
TOP OF THE 3RD
Coastal Carolina University Chanticleers batting - Pitching for University of Conneticut Huskies : LHP William Garcia
Batting: RHB Chris Marcellus 0-0: Called Strike
0-1: Ball
1-1: Foul Ball, location: 2F
1-2: DOUBLE (Line Drive, 7LM, EV 97.5 MPH)
Batting: RHB Dennis Bennett 0-0: Called Strike
0-1: Ball
1-1: Ball
2-1: Swinging Strike
2-2: Foul Ball, location: 2F
2-2: Strikes out looking
Batting: RHB Ferri Casteleijn 0-0: Foul Ball, location: 2F
0-1: Ball
Wild Pitch!
Chris Marcellus to third
1-1: Reached on error, E6 (Groundball, 6, EV 98.8 MPH)
Chris Marcellus scores
Batting: RHB Tristan Williams 0-0: Foul Ball, location: 2F
0-1: Foul Ball, location: 2F
0-2: Ball
1-2: Fielders Choice at 2nd, 1-4 (Groundball, 15S, EV 60.6 MPH)
Batting: RHB Tatsunori Ishigaki 0-0: Foul Ball, location: 2F
0-1: Ball
1-1: Ball
2-1: Ball
3-1: Base on Balls
Tristan Williams to second
Batting: LHB Orlando Hurtado 0-0: Foul Ball, location: 2F
0-1: Foul Ball, location: 2F
0-2: Fly out, F5 (Popup, 56S, EV 78.8 MPH)
Top of the 3rd over - 1 run, 1 hit, 1 error, 2 left on base; Coastal Carolina University 2 - University of Conneticut 0
BOTTOM OF THE 3RD
University of Conneticut Huskies batting - Pitching for Coastal Carolina University Chanticleers : LHP David Medina
Batting: RHB Lee Wilbur 0-0: Ball
1-0: Swinging Strike
1-1: Ground out 6-3 (Groundball, 6, EV 87.5 MPH)
Batting: LHB Greg James 0-0: Swinging Strike
0-1: Ball
1-1: Ball
2-1: Swinging Strike
2-2: Ball
3-2: Foul Ball, location: 2F
3-2: Strikes out looking
Batting: SHB Ismael Vega 0-0: Called Strike
0-1: Ball
1-1: Swinging Strike
1-2: Strikes out swinging
Bottom of the 3rd over - 0 runs, 0 hits, 0 errors, 0 left on base; Coastal Carolina University 2 - University of Conneticut 0
TOP OF THE 4TH
Coastal Carolina University Chanticleers batting - Pitching for University of Conneticut Huskies : LHP William Garcia
Pitching: RHP Miguel Perez
Batting: RHB Oscar Hernandez 0-0: Ball
1-0: Swinging Strike
1-1: Ground out U3 (Groundball, 13, EV 84.4 MPH)
Batting: LHB Jason Melek 0-0: Ball
1-0: Ball
2-0: Ground out 5-3 (Groundball, 5L, EV 101.9 MPH)
Batting: LHB Justin Sanders 0-0: Foul Ball, location: 2F
0-1: Ball
1-1: Ball
2-1: Ball
3-1: Ground out U3 (Groundball, 3L, EV 100.6 MPH)
Top of the 4th over - 0 runs, 0 hits, 0 errors, 0 left on base; Coastal Carolina University 2 - University of Conneticut 0
BOTTOM OF THE 4TH
University of Conneticut Huskies batting - Pitching for Coastal Carolina University Chanticleers : LHP David Medina
Batting: RHB Victor Nava 0-0: SINGLE (Groundball, 6S, EV 65.0 MPH) (infield hit)
Batting: RHB Kyle Finney 0-0: Called Strike
0-1: Ball
1-1: Reached on error, E1 (Groundball, 13S, EV 70.0 MPH)
Victor Nava to second
Batting: LHB Hector Acosta 0-0: Ball
1-0: Called Strike
1-1: Ball
2-1: Foul Ball, location: 2F
2-2: Strikes out swinging
Batting: RHB Jordan Nicholas 0-0: Called Strike
0-1: Ball
1-1: Ground out 4-3 (Groundball, 4S, EV 71.9 MPH)
Victor Nava to third
Kyle Finney to second
Batting: LHB Andrew Barzee 0-0: Ground out 5-3 (Groundball, 56, EV 85.0 MPH)
Bottom of the 4th over - 0 runs, 1 hit, 1 error, 2 left on base; Coastal Carolina University 2 - University of Conneticut 0
TOP OF THE 5TH
Coastal Carolina University Chanticleers batting - Pitching for University of Conneticut Huskies : RHP Miguel Perez
Batting: RHB Chris Marcellus 0-0: Called Strike
0-1: Ball
1-1: Ball
2-1: Called Strike
2-2: SINGLE (Line Drive, 6D, EV 100.0 MPH)
Batting: RHB Dennis Bennett 0-0: Ball
1-0: Foul Ball, location: 2F
1-1: Swinging Strike
1-2: Ball
2-2: Ball
3-2: Strikes out looking
Batting: RHB Ferri Casteleijn 0-0: Called Strike
0-1: SINGLE (Flyball, 8LM, EV 93.1 MPH)
Chris Marcellus to second
Batting: RHB Tristan Williams 0-0: Called Strike
0-1: 3-RUN HOME RUN (Flyball, 9LD, EV 96.2 MPH), Distance : 365 ft
Batting: RHB Tatsunori Ishigaki 0-0: Foul Ball, location: 2F
0-1: Swinging Strike
0-2: Foul Ball, location: 2F
0-2: TRIPLE (Flyball, 78XD, EV 102.5 MPH)
Batting: LHB Orlando Hurtado 0-0: Ball
1-0: Called Strike
1-1: Called Strike
1-2: Foul Ball, location: 2F
1-2: Ball
2-2: Foul Ball, location: 2F
2-2: Foul Ball, location: 2F
2-2: Fly out, F8 (Flyball, 8RS, EV 89.4 MPH)
Batting: RHB Oscar Hernandez 0-0: Fly out, F8 (Flyball, 8RD, EV 82.5 MPH)
Top of the 5th over - 3 runs, 4 hits, 0 errors, 1 left on base; Coastal Carolina University 5 - University of Conneticut 0
BOTTOM OF THE 5TH
University of Conneticut Huskies batting - Pitching for Coastal Carolina University Chanticleers : LHP David Medina
Batting: RHB Jack Vokey 0-0: Foul Ball, location: 2F
0-1: Ground out 3-1 (Groundball, 34, EV 83.8 MPH)
Batting: RHB Lee Wilbur 0-0: SINGLE (Groundball, 4M, EV 105.0 MPH)
Batting: LHB Greg James 0-0: Ball
1-0: Foul Ball, location: 2F
1-1: Ball
2-1: Foul Ball, location: 2F
2-2: Ball
3-2: Strikes out looking
Batting: SHB Ismael Vega 0-0: Ball
1-0: Ground out 1-3 (Groundball, 13S, EV 71.2 MPH)
Bottom of the 5th over - 0 runs, 1 hit, 0 errors, 1 left on base; Coastal Carolina University 5 - University of Conneticut 0
TOP OF THE 6TH
Coastal Carolina University Chanticleers batting - Pitching for University of Conneticut Huskies : RHP Miguel Perez
Batting: LHB Jason Melek 0-0: Ground out 4-3 (Groundball, 4S, EV 60.6 MPH)
Batting: LHB Justin Sanders 0-0: Ball
1-0: Ball
2-0: Called Strike
2-1: Ball
3-1: Swinging Strike
3-2: Strikes out looking
Batting: RHB Chris Marcellus 0-0: Ball
1-0: Foul Ball, location: 2F
1-1: DOUBLE (Line Drive, 7LM, EV 98.1 MPH)
Batting: RHB Dennis Bennett 0-0: SINGLE (Flyball, 56D, EV 88.1 MPH)
Chris Marcellus to third
Runner from 3rd tries for Home, SAFE, throw by LF to home
Batting: RHB Ferri Casteleijn 0-0: Ball
1-0: Ball
Wild Pitch!
Dennis Bennett to second
2-0: Foul Ball, location: 2F
2-1: Swinging Strike
2-2: Ball
3-2: SINGLE (Groundball, 6D, EV 106.2 MPH)
Dennis Bennett to third
Runner from 3rd tries for Home, throw by LF and OUT! 7-2
Top of the 6th over - 1 run, 3 hits, 0 errors, 1 left on base; Coastal Carolina University 6 - University of Conneticut 0
BOTTOM OF THE 6TH
University of Conneticut Huskies batting - Pitching for Coastal Carolina University Chanticleers : LHP David Medina
Batting: RHB Victor Nava 0-0: Ball
1-0: Ground out 5-3 (Groundball, 56, EV 93.8 MPH)
Batting: RHB Kyle Finney 0-0: Fly out, F7 (Flyball, 7, EV 87.5 MPH)
Batting: LHB Hector Acosta 0-0: Foul Ball, location: 2F
0-1: Ball
1-1: Foul Ball, location: 2F
1-2: Ball
2-2: Foul Ball, location: 2F
2-2: Ground out 4-3 (Groundball, 4, EV 91.2 MPH)
Bottom of the 6th over - 0 runs, 0 hits, 0 errors, 0 left on base; Coastal Carolina University 6 - University of Conneticut 0
TOP OF THE 7TH
Coastal Carolina University Chanticleers batting - Pitching for University of Conneticut Huskies : RHP Miguel Perez
Batting: RHB Tristan Williams 0-0: Called Strike
0-1: Ball
1-1: Ball
2-1: Ball
3-1: Swinging Strike
3-2: Base on Balls
Pitching: RHP Paul Pastrano
Batting: RHB Tatsunori Ishigaki 0-0: Ball
1-0: Ball
2-0: Called Strike
2-1: Foul Ball, location: 2F
2-2: Strikes out looking
Batting: LHB Orlando Hurtado 0-0: Fly out, F7 (Flyball, 7, EV 90.0 MPH)
Batting: LHB Nate Kokx 0-0: Ball
1-0: Foul Ball, location: 2F
1-1: Foul Ball, location: 2F
1-2: Ball
2-2: Fly out, F9 (Flyball, 9, EV 90.0 MPH)
Top of the 7th over - 0 runs, 0 hits, 0 errors, 1 left on base; Coastal Carolina University 6 - University of Conneticut 0
BOTTOM OF THE 7TH
University of Conneticut Huskies batting - Pitching for Coastal Carolina University Chanticleers : LHP David Medina
Batting: RHB Jordan Nicholas 0-0: Ground out U3 (Groundball, 3, EV 93.1 MPH)
Batting: LHB Andrew Barzee 0-0: Called Strike
0-1: Called Strike
0-2: Foul Ball, location: 2F
0-2: Strikes out swinging
Batting: RHB Jack Vokey 0-0: Ball
1-0: Swinging Strike
1-1: Called Strike
1-2: Strikes out swinging
Bottom of the 7th over - 0 runs, 0 hits, 0 errors, 0 left on base; Coastal Carolina University 6 - University of Conneticut 0
TOP OF THE 8TH
Coastal Carolina University Chanticleers batting - Pitching for University of Conneticut Huskies : RHP Paul Pastrano
Batting: LHB Jason Melek 0-0: Ball
1-0: Swinging Strike
1-1: Ball
2-1: Ground out 5-3 (Groundball, 56S, EV 91.2 MPH)
Batting: LHB Justin Sanders 0-0: Ball
1-0: Ground out U3 (Groundball, 3S, EV 78.8 MPH)
Batting: RHB Chris Marcellus 0-0: Swinging Strike
0-1: Called Strike
0-2: Fly out, F8 (Flyball, 8LS, EV 80.0 MPH)
Top of the 8th over - 0 runs, 0 hits, 0 errors, 0 left on base; Coastal Carolina University 6 - University of Conneticut 0
BOTTOM OF THE 8TH
University of Conneticut Huskies batting - Pitching for Coastal Carolina University Chanticleers : LHP David Medina
Pitching: RHP Danny Wood
Batting: RHB Lee Wilbur 0-0: Called Strike
0-1: Ball
1-1: Swinging Strike
1-2: Fly out, F8 (Flyball, 78D, EV 97.5 MPH)
Batting: LHB Greg James 0-0: Fly out, F8 (Flyball, 89XD, EV 103.8 MPH)
Batting: SHB Ismael Vega 0-0: Ball
1-0: Called Strike
1-1: Fly out, F9 (Flyball, 9LM, EV 93.8 MPH)
Bottom of the 8th over - 0 runs, 0 hits, 0 errors, 0 left on base; Coastal Carolina University 6 - University of Conneticut 0
TOP OF THE 9TH
Coastal Carolina University Chanticleers batting - Pitching for University of Conneticut Huskies : RHP Paul Pastrano
Pinch Hitting: RHB Chris McDaniel 0-0: Called Strike
0-1: Called Strike
0-2: Strikes out swinging
Batting: RHB Ferri Casteleijn 0-0: Foul Ball, location: 2F
0-1: Called Strike
0-2: Ground out 3-1 (Groundball, 34S, EV 87.5 MPH)
Batting: RHB Tristan Williams 0-0: Swinging Strike
0-1: Ball
1-1: Ball
2-1: Swinging Strike
2-2: Ground out 5-3 (Groundball, 56S, EV 88.1 MPH)
Top of the 9th over - 0 runs, 0 hits, 0 errors, 0 left on base; Coastal Carolina University 6 - University of Conneticut 0
BOTTOM OF THE 9TH
University of Conneticut Huskies batting - Pitching for Coastal Carolina University Chanticleers : RHP Danny Wood
Now in LF: Chris McDaniel
Batting: RHB Victor Nava 0-0: Fly out, F9 (Flyball, 9LSF, EV 86.9 MPH)
Pinch Hitting: RHB Cullen Elliott 0-0: Swinging Strike
0-1: Foul Ball, location: 2F
0-2: Foul Ball, location: 2F
0-2: Foul Ball, location: 2F
0-2: Ball
1-2: Ball
2-2: Foul Ball, location: 2F
2-2: Strikes out swinging
Batting: LHB Hector Acosta 0-0: Ground out 1-3 (Groundball, 13S, EV 66.2 MPH)
Bottom of the 9th over - 0 runs, 0 hits, 0 errors, 0 left on base; Coastal Carolina University 6 - University of Conneticut 0
Tuesday, September 13th , 2022 - OOTP Baseball 23.7 Build 88